 Dungeon Crawl Stone Soup version 0.21.0-22-g11d5b52 (webtiles) character file.

66481 Haldmier the Nimble (level 14, -8/65 HPs)
             Began as a Spriggan Air Elementalist on Jan 18, 2018.
             Was a High Priest of Vehumet.
             Mangled by a cyclops (29 damage)
             ... on level 2 of the Orcish Mines.
             The game lasted 02:53:57 (36429 turns).

Haldmier the Nimble (Spriggan Air Elementalist)    Turns: 36429, Time: 02:53:58

Health: -8/65      AC:  8    Str:  6    XL:     14   Next: 79%
Magic:  21/31      EV: 27    Int: 25    God:    Vehumet [*****.]
Gold:   2189       SH:  6    Dex: 16    Spells: 5/38 levels left

rFire    . . .     SeeInvis +   a - +3 falchion (venom)
rCold    . . .     Gourm    .   W - +0 buckler
rNeg     . . .     Faith    .   D - +0 troll leather armour
rPois    .         Spirit   .   H - +2 hat
rElec    .         Reflect  .   C - +1 cloak
rCorr    .         Harm     .   (gloves unavailable)
MR       ++...                  (boots unavailable)
Stlth    ++++......             t - amulet of rage
HPRegen  0.60/turn              G - +3 ring of slaying
MPRegen  0.22/turn              p - +5 ring of intelligence

@: very quick
A: very small, unfitting armour, see invisible, herbivore, speed 3, slow
metabolism 2
a: Renounce Religion, Evoke Berserk Rage


You were on level 2 of the Orcish Mines.
You worshipped Vehumet.
Vehumet was extremely pleased with you.
You were not hungry.

You visited 4 branches of the dungeon, and saw 21 of its levels.
You also visited: Bailey.

You collected 2189 gold pieces.

Inventory:

Hand Weapons
 a - a +3 falchion of venom (weapon)
 F - a +0 scimitar of draining
 O - a +2 dagger of electrocution
 S - a +1 dagger of venom
Missiles
 Q - 2 throwing nets (quivered)
Armour
 n - the +2 robe of Undesirable Species {Slay+3}
   (You found it on level 12 of the Dungeon)

   It affects your accuracy and damage with ranged weapons and melee attacks
   (+3).
 u - a +2 robe of magic resistance
 A - +0 acid dragon scales
 B - a +2 robe of fire resistance
 C - a +1 cloak (worn)
 D - a +0 troll leather armour (worn)
 H - a +2 hat (worn)
 W - a +0 buckler (worn)
Magical Staves
 b - an uncursed staff of air
Jewellery
 p - a +5 ring of intelligence (right hand)
 t - an amulet of rage (around neck)
 w - an uncursed ring of wizardry
 G - a +3 ring of slaying (left hand)
 I - the ring of Podaepn {+Fly rN+}
   (You found it in a bailey)

   [ring of flight]

   It protects you from negative energy.
   It lets you fly.
 J - an uncursed ring of fire {unknown}
 T - an uncursed ring of poison resistance
Wands
 h - a wand of acid (21)
 l - a wand of enslavement (29)
 s - a wand of paralysis (18)
 E - a wand of iceblast (14)
 K - a wand of scattershot (3)
 N - a wand of flame (17)
Scrolls
 d - 9 scrolls of remove curse
 g - 2 scrolls of teleportation
 v - 2 scrolls of fog
 y - a scroll of blinking
 L - 2 scrolls of enchant armour
 R - 3 scrolls of immolation
 U - 2 scrolls of magic mapping
Potions
 e - 3 potions of heal wounds {unknown}
 f - a potion of brilliance
 i - 7 potions of haste
 j - 2 potions of berserk rage
 k - 2 potions of magic
 o - a potion of might {unknown}
 q - 5 potions of agility
 r - a potion of curing
 x - 2 potions of flight {unknown}
 z - 3 potions of mutation
 M - 3 potions of lignification
 P - 3 potions of ambrosia
Miscellaneous
 m - a sack of spiders


   Skills:
 - Level 3.0 Fighting
 + Level 6.9 Long Blades
 - Level 14.0 Dodging
 - Level 10.0 Stealth
 + Level 2.2 Shields
 * Level 12.9 Spellcasting
 - Level 10.0 Conjurations
 - Level 3.0 Translocations
 - Level 5.0 Ice Magic
 - Level 12.0 Air Magic
 + Level 1.0 Poison Magic


You had 5 spell levels left.
You knew the following spells:

 Your Spells              Type           Power        Failure   Level  Hunger
a - Shock                 Conj/Air       ####         1%          1    None
b - Static Discharge      Conj/Air       ######..     1%          3    None
c - Airstrike             Air            ######....   1%          4    None
d - Searing Ray           Conj           ######       1%          2    None
e - Lightning Bolt        Conj/Air       ######....   1%          5    ###....
f - Freezing Cloud        Conj/Ice/Air   ######....   9%          6    #####..
g - Blink                 Tloc           N/A          3%          2    None
h - Conjure Ball Lightni  Conj/Air       ######....   3%          6    #####..
i - Olgreb's Toxic Radia  Pois           ###.....     13%         4    None


Dungeon Overview and Level Annotations

Branches:
Dungeon (12/15)            Temple (1/1) D:4            Lair (6/6) D:11
  Swamp (0/4) Lair:3       Spider (0/4) Lair:4        Slime (0/5) Lair:6
    Orc (2/2) D:9             Elf (0/3) Orc:2

Altars:
Ashenzari
Cheibriados
Dithmenos
Elyvilon
Fedhas
Gozag
Hepliaklqana
Kikubaaqudgha
Makhleb
Nemelex Xobeh
Okawaru
Qazlal
Ru
Sif Muna
Trog
Uskayaw
Vehumet
Wu Jian
Xom
Yredelemnul
Zin
The Shining One
Beogh
Jiyva

Portals:
Trove: D:12 (show abyssal rune of Zot)

Annotations:
D:3 Artifact fing mail through fire
D:4 Pawles22's ghost, amateur TrFi
D:10 2 Hydras, nikopol's ghost, novice MiBe
Lair:2 exclusion: 2 oklob plants
Orc:2 Saint Roka


Innate Abilities, Weirdness & Mutations

You are very small and have problems with some larger weapons.
You are too small for most types of armour.
You have supernaturally acute eyesight. (SInv)
You are a herbivore.
You cover ground extremely quickly.
You need consume almost no food.


Message History

You hit the cyclops.
The cyclops is poisoned.
The cyclops is lightly wounded.
You hit the cyclops.
The cyclops looks as sick as possible!
The cyclops is moderately wounded.
The cyclops closely misses you.
You barely miss the cyclops.
The cyclops is moderately wounded.
The cyclops hits you!!
You hit the cyclops.
The cyclops looks as sick as possible!
The cyclops is moderately wounded.
You hit the cyclops.
The cyclops looks as sick as possible!
The cyclops is heavily wounded.
You block the cyclops's attack.
You hit the cyclops but do no damage.
The cyclops looks as sick as possible!
The cyclops is heavily wounded.
The cyclops hits you!
You hit the cyclops.
The cyclops looks as sick as possible!
The cyclops is severely wounded.
The cyclops hits you!!
You die...

.## ##........[[..#
..###.........)...#
.................(#
..........##......####
..........###...(....##
......)...# ###)......##
..........# #.#.....#..#
...)......####(.C..#####
....)..[....#...@....#
....[......)........##
...##..............##
...#####.........###
.).# #..........# ..##
##........## ...##
#......### )...##
##.....# .....# ###..##


You could see a cyclops.

Vanquished Creatures
  Nessos (Lair:5)
  Snorg (D:11)
  Harold (Lair:6)
  10 hydras
  2 centaur warriors
  10 two-headed ogres
  6 death yaks (Lair:3)
  An unseen horror (D:12)
  2 deep trolls (Orc:2)
  A manticore (D:12)
  An orc sorcerer (Orc:2)
  2 oklob plants
  2 ugly things (D:12)
  A cyclops (Orc:2)
  4 elephants (Lair:4)
  2 black mambas
  A torpor snail (Lair:5)
  A centaur skeleton (D:12)
  5 spiny frogs
  A gargoyle (D:11)
  2 rime drakes (Lair:5)
  8 komodo dragons
  8 trolls
  5 polar bears (Lair:6)
  Grinder (D:7)
  5 hornets (Lair:6)
  A dream sheep (Lair:6)
  7 hippogriffs
  16 blink frogs
  2 redbacks (Lair:4)
  A wyvern (D:10)
  12 spriggans (Lair:6)
  A human (D:8)
  33 yaks
  2 wraiths
  A vampire (D:10)
  Grum (D:8)
  3 wargs (Orc:2)
  A soldier ant (D:10)
  A swamp worm (Lair:3)
  6 water moccasins
  16 porcupines
  An acid dragon (D:11)
  23 orc warriors
  6 black bears
  4 sky beasts
  A necrophage (D:6)
  3 ice beasts
  17 ogres
  3 boggarts (Lair:6)
  A phantom (D:6)
  29 wolves
  22 centaurs
  13 crocodiles
  A big kobold (D:6)
  17 bullfrogs
  A wyvern zombie (D:9)
  3 scorpions
  A vampire bat (D:11)
  A killer bee (D:11)
  10 wights
  A howler monkey (D:11)
  5 crimson imps
  3 centaur zombies
  A bullfrog zombie (D:12)
  2 bullfrog skeletons
  8 hounds
  A jelly (D:9)
  16 orc priests
  A quasit (D:10)
  6 worker ants
  4 iguanas
  18 orc wizards
  A mummy (D:9)
  A howler monkey zombie (D:8)
  A worker ant zombie (D:8)
  Robin (D:4)
  5 gnolls
  2 howler monkey skeletons
  14 adders
  5 shadow imps
  An ooze (D:5)
  2 adder skeletons
  3 worms
  A dart slug (D:1)
  11 leopard geckos
  98 orcs
  6 giant cockroaches
  18 goblins
  9 hobgoblins
  11 jackals
  14 kobolds
  4 quokkas
  3 ball pythons
  21 bats
  4 frilled lizards
  2 leopard gecko skeletons
  A quokka skeleton (D:6)
  6 rats
  6 plants
662 creatures vanquished.

Vanquished Creatures (others)
  A ball python (D:3)
  42 fungi
  14 plants
57 creatures vanquished.

Grand Total: 719 creatures vanquished

Notes
Turn   | Place    | Note
-------+----------+-------------------------------------------
     0 | D:1      | Haldmier the Spriggan Air Elementalist began the quest for the Orb.
     0 | D:1      | Reached XP level 1. HP: 9/9 MP: 5/5
   306 | D:1      | Reached XP level 2. HP: 13/13 MP: 2/6
   363 | D:1      | Found a glowing golden altar of the Shining One.
   429 | D:1      | Reached skill level 1 in Conjurations
   719 | D:1      | Reached XP level 3. HP: 16/16 MP: 4/8
  1252 | D:1      | Learned a level 3 spell: Static Discharge
  1578 | D:2      | Reached XP level 4. HP: 21/21 MP: 6/9
  2466 | D:3      | Found a hide-covered altar of Uskayaw.
  2648 | D:3      | Reached skill level 4 in Dodging
  3154 | D:3      | Reached XP level 5. HP: 24/24 MP: 6/11
  3198 | D:3      | Learned a level 4 spell: Airstrike
  4054 | D:4      | Noticed Pawles22's ghost (amateur TrFi)
  4246 | D:4      | Found an ancient bone altar of Kikubaaqudgha.
  4553 | D:4      | Found a staircase to the Ecumenical Temple.
  4553 | D:4      | Noticed Robin
  4586 | D:4      | Killed Robin
  4768 | Temple   | Entered the Ecumenical Temple
  4924 | Temple   | Became a worshipper of Vehumet
  5061 | D:4      | Reached XP level 6. HP: 26/28 MP: 5/12
  5446 | D:4      | Reached skill level 5 in Stealth
  5625 | D:4      | Found a stormy altar of Qazlal.
  5807 | D:5      | Entered Level 5 of the Dungeon
  6063 | D:5      | Noticed Grinder
  6401 | D:5      | Reached skill level 5 in Dodging
  6689 | D:5      | Reached XP level 7. HP: 25/32 MP: 7/14
  6767 | D:5      | Found a runed door.
  6813 | D:5      | Reached * piety under Vehumet
  6813 | D:5      | Offered knowledge of Flame Tongue by Vehumet.
  7267 | D:5      | Found a roughly hewn altar of Beogh.
  7519 | D:6      | Found a shimmering altar of Xom.
  7870 | D:6      | Reached skill level 5 in Air Magic
  7973 | D:6      | Reached XP level 8. HP: 36/36 MP: 13/16
  8036 | D:6      | Found a glowing silver altar of Zin.
  8068 | D:6      | Reached ** piety under Vehumet
  8068 | D:6      | Offered knowledge of Searing Ray by Vehumet.
  8080 | D:6      | Reached skill level 6 in Dodging
  8080 | D:6      | Reached skill level 5 in Spellcasting
  8235 | D:6      | Got a transparent flail
  8271 | D:6      | Found an opulent altar of Gozag.
  8435 | D:6      | Found a white marble altar of Elyvilon.
  8569 | D:6      | Found an iron altar of Okawaru.
  8763 | D:6      | Learned a level 2 spell: Searing Ray
  8782 | D:6      | Identified the cursed +0 flail of Resumed Hostilities {crush, +Inv Int+2} (You found it on level 6 of the Dungeon)
  9646 | D:6      | Reached skill level 7 in Dodging
  9755 | D:7      | Killed Grinder
  9755 | D:7      | Reached XP level 9. HP: 35/38 MP: 5/18
  9773 | D:7      | Offered knowledge of Throw Frost by Vehumet.
  9989 | D:7      | Reached skill level 5 in Conjurations
 10002 | D:7      | Reached *** piety under Vehumet
 10139 | D:7      | Learned a level 5 spell: Lightning Bolt
 10150 | D:7      | Found a hazy altar of Hepliaklqana.
 10587 | D:8      | Offered knowledge of Force Lance by Vehumet.
 10858 | D:8      | Reached skill level 1 in Fighting
 10863 | D:8      | Reached skill level 8 in Dodging
 11087 | D:8      | Reached **** piety under Vehumet
 11119 | D:8      | Noticed Grum
 11129 | D:8      | Killed Grum
 11272 | D:8      | Found a sacrificial altar of Ru.
 11358 | D:9      | Found a glowing silver altar of Zin.
 11364 | D:9      | Found a flagged portal.
 11365 | D:9      | Noticed a troll
 11384 | D:9      | Killed a troll
 11384 | D:9      | Reached XP level 10. HP: 40/45 MP: 12/21
 11398 | Bailey   | Entered a bailey
 11504 | Bailey   | Offered knowledge of Fulminant Prism by Vehumet.
 13977 | Bailey   | Got a sparkling marble ring
 14215 | Bailey   | Identified the ring of Podaepn {+Fly rN+} (You found it in a bailey)
 14303 | D:9      | Reached skill level 9 in Dodging
 14477 | D:9      | Found a snail-covered altar of Cheibriados.
 14483 | D:9      | Found a staircase to the Orcish Mines.
 14641 | D:9      | Found a bloodstained altar of Trog.
 14784 | D:9      | Found a radiant altar of Vehumet.
 15361 | Orc:1    | Entered Level 1 of the Orcish Mines
 15712 | Orc:2    | Entered Level 2 of the Orcish Mines
 15712 | Orc:2    | Noticed an orc sorcerer
 15750 | D:10     | Entered Level 10 of the Dungeon
 15809 | D:10     | Noticed nikopol's ghost (novice MiBe)
 15932 | D:10     | Reached skill level 10 in Stealth
 16237 | D:10     | Noticed a five-headed hydra
 16911 | D:11     | HP: 2/48 [poisoned by an adder]
 16919 | D:11     | HP: 2/48 [poisoned by an adder]
 16927 | D:11     | HP: 1/48 [poisoned by an adder]
 17232 | D:11     | Noticed a four-headed hydra
 17261 | D:11     | Noticed Snorg
 17288 | D:11     | Reached XP level 11. HP: 51/51 MP: 17/23
 17299 | D:11     | Reached ***** piety under Vehumet
 17410 | D:11     | Found a staircase to the Lair.
 17413 | D:11     | Offered knowledge of Freezing Cloud by Vehumet.
 18434 | Lair:1   | Entered Level 1 of the Lair of Beasts
 18453 | Lair:1   | Reached skill level 10 in Dodging
 19377 | Lair:1   | Reached skill level 1 in Long Blades
 20675 | Lair:2   | Noticed a five-headed hydra
 20720 | Lair:1   | Killed a five-headed hydra
 20809 | Lair:2   | Found a hazy altar of Hepliaklqana.
 21137 | Lair:2   | Noticed an oklob plant
 21137 | Lair:2   | Noticed an oklob plant
 21264 | Lair:2   | Noticed a seven-headed hydra
 21357 | Lair:2   | Killed a seven-headed hydra
 21673 | Lair:2   | Learned a level 6 spell: Freezing Cloud
 22002 | Lair:3   | Noticed an eight-headed hydra
 22035 | Lair:3   | Killed an eight-headed hydra
 22035 | Lair:3   | Reached skill level 10 in Air Magic
 22101 | Lair:3   | Reached XP level 12. HP: 41/55 MP: 23/26
 22279 | Lair:3   | Reached skill level 11 in Dodging
 22573 | Lair:3   | Reached skill level 1 in Ice Magic
 22634 | Lair:3   | Noticed a six-headed hydra
 22691 | Lair:3   | Killed a six-headed hydra
 23127 | Lair:3   | Noticed a death yak
 23132 | Lair:3   | Noticed a death yak
 23132 | Lair:3   | Noticed a death yak
 23132 | Lair:3   | Noticed a death yak
 23235 | Lair:3   | Killed a death yak
 23495 | Lair:3   | Noticed a death yak
 23531 | Lair:3   | Killed a death yak
 23597 | Lair:3   | Noticed a death yak
 23625 | Lair:3   | Killed a death yak
 23637 | Lair:3   | Killed a death yak
 23637 | Lair:3   | Killed a death yak
 23674 | Lair:3   | Killed a death yak
 23844 | Lair:3   | Found a staircase to the Swamp.
 23848 | Lair:3   | Learned a level 2 spell: Blink
 24097 | Lair:4   | Noticed Harold
 24213 | Lair:4   | Reached skill level 1 in Translocations
 24335 | Lair:4   | Found a blossoming altar of Fedhas.
 24504 | Lair:4   | Offered knowledge of Yara's Violent Unravelling by Vehumet.
 24504 | Lair:4   | Reached skill level 10 in Spellcasting
 24756 | Lair:4   | Found a hole to the Spider Nest.
 24998 | Lair:4   | Noticed a seven-headed hydra
 25012 | Lair:4   | Killed a seven-headed hydra
 25245 | Lair:5   | Reached XP level 13. HP: 59/59 MP: 20/28
 25285 | Lair:5   | Reached skill level 12 in Dodging
 25773 | Lair:5   | Noticed Nessos
 28282 | Orc:2    | Found a staircase to the Elven Halls.
 28777 | Orc:2    | Offered knowledge of Bolt of Fire by Vehumet.
 28866 | Orc:2    | Noticed Saint Roka
 30451 | D:11     | Reached skill level 13 in Dodging
 30582 | D:12     | Reached skill level 10 in Conjurations
 30629 | D:12     | Reached XP level 14. HP: 58/64 MP: 21/30
 30988 | D:12     | Got a tattered robe
 31004 | D:11     | Identified the +2 robe of Undesirable Species {Slay+3} (You found it on level 12 of the Dungeon)
 31087 | D:12     | Found a portal to a secret trove of treasure.
 31480 | D:12     | Reached skill level 5 in Long Blades
 32255 | Lair:5   | Offered knowledge of Conjure Ball Lightning by Vehumet.
 32255 | Lair:5   | Reached skill level 5 in Ice Magic
 32414 | Lair:6   | Entered Level 6 of the Lair of Beasts
 32595 | Lair:5   | Learned a level 6 spell: Conjure Ball Lightning
 33184 | Lair:6   | Found a viscous altar of Jiyva.
 33185 | Lair:6   | Found a staircase to the Slime Pits.
 33496 | Lair:6   | Reached skill level 14 in Dodging
 34554 | Lair:6   | Reached skill level 1 in Shields
 34984 | Lair:6   | Killed Harold
 35532 | Lair:5   | Killed Nessos
 35796 | Lair:1   | Learned a level 4 spell: Olgreb's Toxic Radiance
 35985 | D:11     | Killed Snorg
 36316 | Orc:2    | Reached skill level 1 in Poison Magic
 36429 | Orc:2    | Mangled by a cyclops

Skill      XL: |  1  2  3  4  5  6  7  8  9 10 11 12 13 14 |
---------------+-------------------------------------------+-----
Spellcasting   | 3 4 5 6 7 9 10 11 12 | 12.9
Conjurations   | 1 2 3 4 5 6 8 9 10 | 10.0
Air Magic      | 3 4 5 6 7 8 10 12 | 12.0
Stealth        | 4 5 6 7 9 10 | 10.0
Dodging        | 4 5 7 8 9 10 11 13 14 | 14.0
Fighting       | 1 3 |  3.0
Long Blades    | 2 3 4 6 |  6.9
Ice Magic      | 2 4 5 |  5.0
Translocations | 2 3 |  3.0
Shields        | 2 |  2.2
Poison Magic   | 1 |  1.0

Action                   |  1- 3 |  4- 6 |  7- 9 | 10-12 | 13-15 || total
-------------------------+-------+-------+-------+-------+-------++-------
Melee: Unarmed           |     4 |       |       |       |       ||     4
       Rapier            |       |    41 |    22 |     5 |       ||    68
       Long sword        |       |       |       |     9 |       ||     9
       Dagger            |       |       |       |     5 |       ||     5
       Falchion          |       |       |       |   111 |   424 ||   535
Throw: Throwing net      |       |       |       |       |     5 ||     5
 Cast: Shock             |    78 |   223 |   363 |   841 |   363 ||  1868
       Static Discharge  |       |     3 |     7 |    13 |     4 ||    27
       Searing Ray       |       |       |       |    16 |     2 ||    18
       Lightning Bolt    |       |       |       |    40 |     3 ||    43
       Freezing Cloud    |       |       |       |     4 |    29 ||    33
       Airstrike         |       |       |       |       |   222 ||   222
       Blink             |       |       |       |       |     5 ||     5
  Use: Scroll            |       |     7 |     2 |    13 |    14 ||    36
       Potion            |       |       |       |       |     5 ||     5
 Stab: Sleeping          |       |     2 |     3 |     2 |     3 ||    10
  Eat: Ration            |       |     1 |     2 |    11 |    11 ||    25
Armor: Robe              |     1 |     5 |     4 |     8 |     4 ||    22
       Troll leather arm |       |       |       |       |    52 ||    52
Dodge: Dodged            |    11 |   103 |   138 |   405 |   721 ||  1378
Block: Buckler           |       |       |       |       |    34 ||    34
       Rpst.: Long sword |       |       |       |    14 |       ||    14
       Falchion          |       |       |       |    61 |   177 ||   238
